 Dungeon Crawl Stone Soup version 0.17-a0-1210-g1e4f09d (webtiles) character file.

83 nuthulu the Shield-Bearer (level 4, -8/28 HPs)
             Began as a Gargoyle Fighter on June 4, 2015.
             Killed from afar by a white imp (12 damage)
             ... with a puff of frost
             ... summoned by Natasha
             ... on level 2 of the Dungeon.
             The game lasted 00:04:46 (1515 turns).

nuthulu the Shield-Bearer (Gargoyle Fighter)        Turns: 1515, Time: 00:04:46

Health: -8/28      AC: 10    Str: 24 (27) XL:     4   Next: 44%
Magic:  3/3        EV:  7    Int:  8 (9)  God:
Gold:   83         SH:  9    Dex:  7      Spells: 0 memorised, 3 levels left

rFire  . . .     SeeInvis .     a - +0 flail
rCold  . . .     Clarity  .     b - +0 scale mail
rNeg   + . .     SustAt   .     c - +0 shield
rPois  ∞         Gourm    .     (no helmet)
rElec  +         Spirit   .     (no cloak)
rCorr  .         Warding  .     (no gloves)
rMut   .         Stasis   .     (no boots)
MR     .....                    (no amulet)
Stlth  ..........               (no ring)
                                (no ring)

@: mighty, not resistant to hostile enchantments, extremely unstealthy
A: hooves 1, clumsy 1, deterioration 1, low mp 1, negative energy resistance 1,
electricity resistance, strong 1, unbreathing, petrification resistance, rot
immunity, AC +3
a: no special abilities


You were on level 2 of the Dungeon.
You were not hungry.

You visited 1 branch of the dungeon, and saw 2 of its levels.

You collected 83 gold pieces.

Inventory:

Hand weapons
 a - a +0 flail (weapon)
Armour
 b - a +0 scale mail (worn)
 c - a +0 shield (worn)
Jewellery
 g - a cursed amulet of inaccuracy {unknown}
Potions
 d - 2 potions of might
 f - a potion of flight
 k - a potion of cancellation
Comestibles
 e - 3 bread rations
 i - a beef jerky
 l - a chunk of flesh


   Skills:
 + Level 3.5 Fighting
 * Level 2.7 Maces & Flails
 * Level 4.0 Armour
 * Level 4.4 Shields


You had 3 spell levels left.
You didn't know any spells.

Dungeon Overview and Level Annotations

Branches:
Dungeon (2/15)

Altars:
Gozag

Annotations:
D:2 Natasha


Innate Abilities, Weirdness & Mutations

You are resistant to torment.
Your stone body is resilient (AC +3).
You are immune to poison.
You resist negative energy.
You are resistant to electric shocks.
You can survive without breathing.
You are immune to petrification.
You are immune to rotting.
You have large cloven feet.
You are clumsy. (Dex -2)
Your body sometimes deteriorates upon taking damage.
Your magical capacity is low (-10% MP).
Your muscles are strong. (Str +2)


Message History

The magic dart hits you!
* * * LOW HITPOINT WARNING * * *
Drink which item? (? for menu, Esc to quit)
You feel better.
The white imp shouts, "Give in, thou dissembling swag-bellied snake-molt!"
Natasha claws you.
Drink which item? (? for menu, Esc to quit)
You feel very mighty all of a sudden. Natasha claws you.
* * * LOW HITPOINT WARNING * * *
You thump Natasha!
Natasha is severely wounded.
The white imp closely misses you.
Natasha mumbles some strange words.
You closely miss Natasha.
Natasha is severely wounded.
You block the white imp's attack. You block Natasha's attack.
The white imp gestures at you. The puff of frost hits you!
You die...

# #.......# ***#.............###
# #.#####.# #.#...#5h.....##. #
#<# *,* #.#...#.#...#.##. ####.#
#.# #.......##.##.... ...(.# #.#
###...##########. ##########.#
#...# **##. ***,,,...#.# #...#
*,,..
,,,,***#.#.########...#######,##.
,,,,***#...##...@h..........#,#..
,,,,..##.........55.........#.#..
,,,,#.##.........)..........#.#..
,...#.##.#.##.###.......###.#....
**#........##.# #.#...#.###.###..
###.##.#.##.# #.#...#.....)..#.
## #.##.#.##.# #.#...#..##.#....
.####.##......# #.#...#..##.#..#.
.....).....#### #........#.......


You could see Natasha and 2 white imps.

Vanquished Creatures
  Jessica (D:2)
  An adder (D:2)
  2 worms (D:2)
  2 giant geckos (D:1)
  A giant cockroach (D:1)
  5 goblins
  5 hobgoblins
  5 jackals
  A quokka (D:2)
  2 ball pythons (D:1)
  3 bats (D:1)
  2 giant newts
  3 kobolds
  6 rats
39 creatures vanquished.

Notes
Turn   | Place    | Note
--------------------------------------------------------------
     0 | D:1      | nuthulu the Gargoyle Fighter began the quest for the Orb.
     0 | D:1      | Reached XP level 1. HP: 14/14 MP: 1/1
   114 | D:1      | Reached XP level 2. HP: 10/19 MP: 2/2
   609 | D:1      | Reached XP level 3. HP: 21/23 MP: 3/3
   619 | D:1      | Reached skill level 4 in Shields
  1116 | D:2      | Noticed Natasha
  1246 | D:2      | Found an opulent altar of Gozag.
  1281 | D:2      | Noticed Jessica
  1301 | D:2      | Killed Jessica
  1301 | D:2      | Reached XP level 4. HP: 23/28 MP: 4/4
  1305 | D:2      | Gained mutation: You are clumsy. (Dex -2) [potion of mutation]
  1305 | D:2      | Gained mutation: Your muscles are strong. (Str +2) [potion of mutation]
  1306 | D:2      | Gained mutation: You have large cloven feet. [potion of mutation]
  1306 | D:2      | Gained mutation: Your magical capacity is low (-10% MP). [potion of mutation]
  1306 | D:2      | Gained mutation: Your body sometimes deteriorates upon taking damage. [potion of mutation]
  1515 | D:2      | Killed from afar by a white imp

Vault maps used:
D:1:      eino_arrival_water_cross
D:2:      grunt_gozag_statues, first_bread, uniq_jessica, uniq_natasha

Action                   |  1- 3 |  4- 6 || total
-------------------------+-------+-------++-------
Melee: Flail             |   155 |    28 ||   183
  Use: Potion            |     6 |     6 ||    12
       Scroll            |     5 |     1 ||     6
  Eat: Chunk             |     2 |     1 ||     3
